 Dungeon Crawl Stone Soup version 0.31-a0-325-g067879e3d3 (webtiles) character file.

Game seed: 8618149668476543442

15406 lunkers the Black Belt (level 12, -3/97 HPs)
             Began as a Meteoran Shapeshifter on July 18, 2023.
             Was an Initiate of Gozag.
             Slain by a komodo dragon (23 damage)
             ... on level 3 of the Lair of Beasts.
             The game lasted 00:20:53 (6321 turns).

lunkers the Black Belt (Meteoran Shapeshifter)      Turns: 6321, Time: 00:20:54

Health: -3/97      AC:  7    Str: 17    XL:     12   Next: 93%
Magic:  13/13      EV: 20    Int: 10    God:    Gozag
Gold:   2166       SH:  0    Dex: 20    Spells: 11/11 levels left

rFire   . .          .
                       - Unarmed
rCold   . . .        (shield currently unavailable)
rNeg    . . .        f - +1 steam dragon scales
rPois   .            (no helmet)
rElec   .            F - +0 cloak {Will+}
rCorr   .            (gloves currently unavailable)
SInv    .            P - +0 pair of boots
Will    +++..        M - amulet of regeneration
Stlth   +            i - ring of willpower
HPRegen 1.16/turn    v - +4 ring of protection
MPRegen 0.13/turn

%: no passive effects
@: lethally poisoned (-3 -> -5), about to teleport, blade hands, slowed,
glowing, studying Stealth, very slow
A: reduced hp, sense surroundings 2, otherworldly, glowing, explore regen
a: Begin Untransformation, Renounce Religion, Potion Petition, Call Merchant,
Bribe Branch


You were on level 3 of the Lair of Beasts.
You worshipped Gozag.
Gozag was most pleased with you.
You had blades for hands.
You visited 3 branches of the dungeon, and saw 14 of its levels.
You also visited: Sewer.

You collected 2289 gold pieces.
You paid 123 gold pieces to Gozag.

Inventory:

Hand Weapons
 G - a +0 whip
Missiles
 Q - 5 throwing nets
Armour
 f - +1 steam dragon scales (worn)
 w - a scarf of repulsion
 F - a +0 cloak of willpower (worn)
 I - a +0 buckler
 P - a +0 pair of boots (worn)
 R - a +2 scale mail of cold resistance
Jewellery
 i - a ring of willpower (left blade hand)
 j - a ring of protection from cold
 v - a +4 ring of protection (right blade hand)
 M - an amulet of regeneration (around neck)
Talismans
 c - a beast talisman
 l - a blade talisman
Wands
 D - a wand of iceblast (2)
 E - a wand of flame (19)
 K - a wand of digging (3)
Scrolls
 d - a scroll of silence
 g - 2 scrolls of revelation
 k - 3 scrolls of teleportation
 r - a scroll of summoning
 x - 2 scrolls of brand weapon
 y - 3 scrolls of fog
 z - a scroll of enchant weapon
 A - a scroll of amnesia
 B - a scroll of enchant armour
 L - a scroll of noise {unknown}
 O - a scroll of immolation {unknown}
Potions
 a - a potion of degeneration {unknown}
 b - 3 potions of might
 e - 3 potions of attraction
 h - 3 potions of ambrosia {unknown}
 m - 2 potions of invisibility
 n - a potion of mutation {unknown}
 o - 5 potions of curing
 p - 2 potions of resistance {unknown}
 q - a potion of haste {unknown}
 s - a potion of heal wounds
 t - 2 potions of enlightenment {unknown}
 u - a potion of cancellation {unknown}
 J - a potion of berserk rage {unknown}
 N - 2 potions of brilliance {unknown}
Miscellaneous
 H - a lightning rod (4/4)


   Skills:
 + Level 10.1 Fighting
 + Level 11.0 Dodging
 + Level 15.7 Unarmed Combat
 + Level 8.2 Shapeshifting


You had 11 spell levels left.
You didn't know any spells.
Your spell library contained the following spells:

 Spells                   Type           Power      Damage    Failure   Level
 Apportation              Tloc           0%         N/A       78%         1
 Freeze                   Ice            0%         1d3       78%         1
 Frozen Ramparts          Ice            0%         1d1       97%         3
 Hailstorm                Conj/Ice       0%         3d3       97%         3
 Vhi's Electric Charge    Tloc/Air       0%         N/A       97%         3
 Summon Ice Beast         Ice/Summ       0%         N/A       100%        4
 Alistair's Intoxication  Tmut/Pois      0%         N/A       100%        5
 Arcjolt                  Conj/Air       0%         1d10      100%        5
 Plasma Beam              Fire/Air       0%         2x1d10    100%        6
 Simulacrum               Ice/Necr       Unusable   N/A       N/A         6

Dungeon Overview and Level Annotations

Branches:
Dungeon (10/15) Zot: 889   Temple (1/1) D:7 Zot: 571    Lair (3/5) D:10 Zot: 1129
 Shoals (0/4) Lair:2        Snake (0/4) Lair:3          Orc (0/2) D:10
  Sewer (visited)

Altars:
Ashenzari
Cheibriados
Dithmenos
Gozag
Hepliaklqana
Kikubaaqudgha
Makhleb
Nemelex Xobeh
Okawaru
Qazlal
Ru
Sif Muna
Trog
Uskayaw
Vehumet
Wu Jian
Xom
Yredelemnul
Zin
The Shining One

Shops:
D:7 :

Annotations:
Lair:3 Rupert


Innate Abilities, Weirdness & Mutations

You have blades for hands.
Your maximum health is decreased, since you lack skill for your form.
Your spellcasting is less reliable in this form.
You are incapable of wielding weapons or throwing items.
You passively map the area around you.
You are easily found by Zot.
You glow in the dark.
You regain HP and MP as you explore.


Message History

The wyvern bites you!
A komodo dragon comes into view.
A rime drake comes into view.
The wyvern bites you. The bullfrog hits you! The wyvern barely misses you.
You see here a lumpy orange potion.
As you read the scroll of teleportation, it crumbles to dust.
You feel strangely unstable. The wyvern barely misses you.
The bullfrog completely misses you. The cane toad stings you.
Rupert the Wild comes into view.
He is wielding a +0 heavy great mace.
The bullfrog hits you but does no damage.
The wyvern bites you. The cane toad stings you!!
* * * LOW HITPOINT WARNING * * *
You are poisoned.
The cane toad poisons you!
Unknown command.
Your surroundings suddenly seem different.
A komodo dragon, a six-headed hydra and a seven-headed hydra come into view.
You feel very sick.
A skyshark comes into view.
The bullfrog closely misses you.
The wolf bites the fungus.
The fungus begins to die.
A rime drake comes into view.
The lindwurm barely misses you. The lindwurm closely misses you. x2
The skyshark moves out of view.
As you read the scroll of teleportation, it crumbles to dust.
You feel strangely unstable.
The sentinel's mark upon you fades away.
You feel very sick.
The wolf bites the fungus!
The komodo dragon closely misses you.
The wolf bites the fungus!
A rime drake comes into view.
The bullfrog hits you but does no damage.
The wolf misses you. The lindwurm misses you. The lindwurm claws you!
* * * LOW HITPOINT WARNING * * *
The lindwurm claws you but does no damage.
Rupert hits you with a +0 heavy great mace!!
* * * LOW HITPOINT WARNING * * *
The komodo dragon bites you!!
You die...
Your body crumbles into a pile of gold.

..............#.## #.PPP.. ,
.#.PF....#...F...######...PP..
,
.#......##...h...#.#.....PP..
#.......#.........#.......P.P,
......l..<....l........PPPPPP
,
......F....#...##.......PPP.PP
,,
...#...#P##.....PhF#.P...PPP..
, ,
.....###...##PPhh......PP..P ,
...., .......@F#.[#....PP.# *
, #.# .....#@lk#.Fl.....P..
,,., ,
.k...D.klFF.!..>.....,** .
.l.....l......).... , * **
..#############...... * , * k
* , ..>... ,** * * * , ......
, ,* , * $ ...P.#* , *, , *
,..P..*


You could see Rupert, a six-headed hydra, a lindwurm, 2 komodo dragons, 3 cane
toads, a basilisk, 3 rime drakes, 2 wyverns, 4 wolves and 2 bullfrogs.

Vanquished Creatures
  Josephine (Lair:3)
  Harold (Lair:2)
  Erolcha (D:9)
  A catoblepas (Lair:1)
  Pikel (D:5)
  A salamander (Lair:3)
  2 black mambas (D:10)
  3 kobold demonologists (D:10)
  A cane toad (Lair:1)
  4 komodo dragons
  2 hornets (D:9)
  Grinder (Sewer)
  Prince Ribbit (D:5)
  A shadow (D:10)
  12 yaks
  3 wyverns
  3 wraiths
  A human (D:8)
  2 basilisks (Lair:1)
  4 hogs (D:8)
  Edmund (D:5)
  Menkaure (D:7)
  An acid dragon (D:9)
  Duvessa (D:7)
  4 water moccasins
  3 black bears
  2 ice beasts
  6 orc warriors
  5 centaurs
  2 phantoms (D:5)
  4 kobold brigands
  6 bullfrogs
  2 scorpions
  Dowan (D:7)
  3 killer bees (D:9)
  5 howler monkeys
  5 jellies
  Crazy Yiuf (D:7)
  9 orc priests
  5 hounds
  2 quasits (Sewer)
  A centaur skeleton (D:5)
  A bullfrog skeleton (D:5)
  5 iguanas
  14 orc wizards
  A hound skeleton (D:5)
  4 adders
  5 shadow imps
  3 white imps
  3 ufetubi
  A dart slug (D:1)
  42 orcs
  5 ball pythons
  5 bats
  A bat zombie (Sewer)
  3 endoplasms
  3 giant cockroaches
  5 goblins
  4 hobgoblins
  2 jackals (D:1)
  7 quokkas
  3 frilled lizards
  A giant cockroach zombie (Sewer)
  32 kobolds
  A kobold zombie (Sewer)
  5 rats
272 creatures vanquished.

Vanquished Creatures (others)
  2 adder zombies (Sewer)
  A kobold (Sewer)
  2 kobold zombies (Sewer)
5 creatures vanquished.

Grand Total: 277 creatures vanquished

Notes
Turn   | Place    | Note
-------+----------+-------------------------------------------
     0 | D:1      | lunkers the Meteoran Shapeshifter began the quest for the
                  | Orb.
     0 | D:1      | Reached XP level 1. HP: 17/17 MP: 2/2
    28 | D:1      | Reached skill level 3 in Unarmed Combat
    28 | D:1      | Reached XP level 2. HP: 15/24 MP: 3/3
   163 | D:1      | Reached XP level 3. HP: 23/29 MP: 4/4
   259 | D:1      | Reached skill level 4 in Unarmed Combat
   452 | D:2      | Reached XP level 4. HP: 36/36 MP: 5/5
   939 | D:3      | Reached skill level 5 in Unarmed Combat
  1013 | D:3      | Found a glowing drain.
  1033 | Sewer    | Entered a sewer
  1106 | Sewer    | Reached XP level 5. HP: 21/41 MP: 6/6
  1151 | Sewer    | Noticed a kobold brigand
  1158 | Sewer    | Noticed Grinder
  1164 | Sewer    | Reached skill level 6 in Unarmed Combat
  1189 | Sewer    | Killed a kobold brigand
  1190 | Sewer    | Reached skill level 7 in Unarmed Combat
  1190 | Sewer    | Reached XP level 6. HP: 21/48 MP: 7/7
  1210 | Sewer    | HP: 3/72 [Grinder (3)]
  1214 | Sewer    | Killed Grinder
  1215 | Sewer    | Reached skill level 8 in Unarmed Combat
  1215 | Sewer    | Reached XP level 7. HP: 3/55 MP: 8/8
  1242 | Sewer    | Found a burning altar of Makhleb.
  1509 | D:3      | Reached skill level 9 in Unarmed Combat
  1973 | D:4      | Found an ornate altar of the Wu Jian Council.
  1991 | D:5      | Entered Level 5 of the Dungeon
  2030 | D:5      | Noticed Edmund
  2069 | D:5      | Noticed Prince Ribbit
  2075 | D:5      | Killed Prince Ribbit
  2076 | D:5      | Reached skill level 10 in Unarmed Combat
  2076 | D:5      | Reached XP level 8. HP: 40/61 MP: 9/9
  2122 | D:5      | Reached skill level 11 in Unarmed Combat
  2266 | D:5      | Killed Edmund
  2267 | D:5      | Gained mutation: You passively map the area around you.
                  | [Meteoran growth]
  2267 | D:5      | Reached XP level 9. HP: 48/67 MP: 10/10
  2277 | D:5      | Noticed Pikel
  2279 | D:5      | Reached skill level 12 in Unarmed Combat
  2305 | D:5      | Killed Pikel
  2536 | D:5      | Reached skill level 5 in Dodging
  2611 | D:6      | Reached skill level 5 in Fighting
  2631 | D:6      | Reached XP level 10. HP: 72/81 MP: 11/11
  2640 | D:6      | Reached skill level 13 in Unarmed Combat
  2656 | D:6      | Found a glowing golden altar of the Shining One.
  2657 | D:6      | Found a broken altar of Ashenzari.
  2755 | D:6      | Found a burning altar of Makhleb.
  3093 | D:7      | Found Moinoig's Book Shoppe.
  3111 | D:7      | Noticed Duvessa
  3112 | D:7      | Noticed Dowan
  3119 | D:7      | Killed Duvessa
  3121 | D:7      | Killed Dowan
  3148 | D:7      | Noticed Menkaure
  3156 | D:7      | Killed Menkaure
  3254 | D:7      | Found a staircase to the Ecumenical Temple.
  3263 | Temple   | Entered the Ecumenical Temple
  3277 | Temple   | Became a worshipper of Gozag Ym Sagoz the Greedy
  3539 | D:7      | Found a runed translucent door.
  3540 | D:7      | Noticed Crazy Yiuf
  3550 | D:7      | Killed Crazy Yiuf
  3788 | D:8      | Found a hazy altar of Hepliaklqana.
  3909 | D:8      | Found an iron altar of Okawaru.
  3928 | D:8      | Found a glowing silver altar of Zin.
  4072 | D:8      | Reached XP level 11. HP: 85/92 MP: 12/12
  4079 | D:8      | Reached skill level 5 in Shapeshifting
  4084 | D:8      | Reached skill level 14 in Unarmed Combat
  4186 | D:8      | Identified a scroll of acquirement
  4186 | D:8      | Acquired 933 gold pieces
  4338 | D:9      | Identified the +6 hand axe of Midisoke {heavy, SInv}
  4348 | D:9      | Identified the +2 mace "Rekuhiyf" {drain, rC+ rN+}
  4364 | D:9      | Noticed Erolcha
  4389 | D:9      | Killed Erolcha
  4615 | D:9      | Found a stormy altar of Qazlal.
  4835 | D:9      | Paralysed by a hornet for 1 turns
  4931 | D:10     | Entered Level 10 of the Dungeon
  5200 | D:10     | Found a radiant altar of Vehumet.
  5262 | D:10     | Found a staircase to the Orcish Mines.
  5409 | D:10     | Reached XP level 12. HP: 99/103 MP: 13/13
  5434 | D:10     | Found a staircase to the Lair.
  5443 | Lair:1   | Entered Level 1 of the Lair of Beasts
  5443 | Lair:1   | Noticed a catoblepas
  5460 | Lair:1   | Killed a catoblepas
  5461 | Lair:1   | Reached skill level 15 in Unarmed Combat
  5477 | D:10     | HP: 4/104 [black mamba (13)]
  5482 | D:10     | Reached skill level 10 in Dodging
  5579 | D:10     | HP: 5/104 [bullfrog (4)]
  6062 | Lair:2   | Found a staircase to the Shoals.
  6198 | Lair:2   | Noticed Harold
  6218 | Lair:2   | Killed Harold
  6249 | Lair:3   | Found a staircase to the Snake Pit.
  6265 | Lair:3   | Reached skill level 10 in Fighting
  6295 | Lair:3   | Noticed Josephine
  6307 | Lair:3   | Killed Josephine
  6316 | Lair:3   | Noticed a lindwurm
  6319 | Lair:3   | Noticed Rupert
  6320 | Lair:3   | Noticed a six-headed hydra
  6320 | Lair:3   | Noticed a seven-headed hydra
  6320 | Lair:3   | Noticed a skyshark
  6321 | Lair:3   | Slain by a komodo dragon

Illustrated notes

Levels and vault maps discovered:
D:1:      shiori_arrival_oz, layout_loops_ring, hangedman_decor_points
D:2:      layout_basic, minmay_misc_feat_enclosed
D:3:      kennysheep_big_flooded_room, layout_loops_ring, portal_sewer_entry_d,
          grunt_decor_cap, nicolae_elevator_lobby_asterisk
D:4:      layout_gridville, fedhas_altar_1, marbit_many_paths,
          lightli_corner_chamber
D:5:      layout_cave_pools, serial_undead, serial_undead_e, serial_undead_b,
          serial_undead_a, serial_undead_e, minmay_misc_feat_roman,
          uniq_prince_ribbit1, uniq_edmund, uniq_pikel
D:6:      layout_cave_pools, elyvilon_altar_1, general_overflow_altar,
          chequers_temple_overflow_statue_of_worship, serial_park,
          serial_park_gazebo [serial_park_minivault_5x5_3], serial_park_square1
          [serial_park_minivault_5x5_3], serial_park_tiny_1, serial_park_square3
          [serial_park_minivault_5x5_4]
D:7:      layout_loops_ring, minmay_temple_entry_tees, serial_shops, shop,
          uniq_duvessa, uniq_menkaure, uniq_crazy_yiuf_cottage
D:8:      layout_gridville, mainiacjoe_overflow_concentric_impassable,
          mainiacjoe_overflow_alcove_2, old_standard_altar, grunt_livestock,
          kennysheep_generic_room_15
D:9:      layout_loops_ring, mainiacjoe_overflow_24_doors, uniq_erolcha
D:10:     layout_loops_cross, mainiacjoe_overflow_alcove_1, david_lair_shrubbed,
          minmay_orc_entry_temple_small, amcnicky_mini_corridor_feature
Temple:   jpeg_temple_clearing
Lair:1:   gammafunk_indiana_jones, layout_loops_ring
Lair:2:   layout_cave_pods, minmay_shoals_entry_centaurs, serial_bayou_shore_a,
          grunt_megastairs_1, uniq_harold
Lair:3:   nzn_winding_woodlands_medium [nzn_winding_woodlands_5x5_default,
          nzn_winding_woodlands_5x15_river_crossing,
          nzn_winding_woodlands_hourglass, nzn_winding_woodlands_5x5_cross,
          nzn_winding_woodlands_center_garden,
          nzn_winding_woodlands_5x5_perimeter, nzn_winding_woodlands_5x5_three,
          nzn_winding_woodlands_5x15_crooked,
          nzn_winding_woodlands_5x5_default], layout_misc_corridors,
          nicolae_snake_entry_warm_welcome, serial_forest,
          infiniplex_forest_clump_cross, infiniplex_forest_clump_small,
          infiniplex_forest_straight_2, infiniplex_forest_lined_ring,
          infiniplex_forest_lined_3_way, infiniplex_forest_corner_1,
          infiniplex_forest_lined_3, uniq_josephine, uniq_urug, uniq_rupert

Skill      XL: |  1  2  3  4  5  6  7  8  9 10 11 12 |
---------------+-------------------------------------+-----
Unarmed Combat | 3 4 5 7 8 10 11 12 13 14 15 | 15.7
Fighting       | 5 7 8 10 | 10.1
Dodging        | 5 7 9 11 | 11.0
Shapeshifting  | 4 6 8 |  8.2

Action                     |  1- 3 |  4- 6 |  7- 9 | 10-12 || total
---------------------------+-------+-------+-------+-------++-------
  Melee: Unarmed           |    55 |   125 |   178 |   491 ||   849
         Punch             |     1 |    11 |     6 |    51 ||    69
    Use: Potion            |       |     1 |       |     5 ||     6
         Scroll            |       |       |    16 |     6 ||    22
   Stab: Sleeping          |     1 |       |       |       ||     1
         Distracted        |       |       |       |     3 ||     3
         Petrifying        |       |       |       |     1 ||     1
         Petrified         |       |       |       |     1 ||     1
 Armour: Animal skin       |     7 |       |       |       ||     7
         Steam dragon scal |     5 |    48 |    74 |   150 ||   277
         Skin              |       |    23 |     2 |       ||    25
  Dodge: Dodged            |    17 |    61 |    87 |   308 ||   473
   Form: Blade             |       |       |       |     1 ||     1

Table legend: (Time is in decaauts)
 A = Elapsed time spent in this place.
 B = Non-inter-level travel time spent in this place.
 C = Inter-level travel time spent in this place.
 D = Time resting spent in this place.
 E = Time spent auto-exploring this place.
 F = Levels seen in this place.
 G = Mean time per level.
                   A        B        C        D        E       F      G
               +--------+--------+--------+--------+--------+-----+--------+
         Total |   6171 |   5942 |    229 |     11 |   3441 |  15 |  411.4 |
       Dungeon |   5110 |   4908 |    202 |      0 |   3100 |  10 |  511.0 |
        Temple |     28 |      1 |     27 |      0 |      0 |   1 |   28.0 |
          Lair |    668 |    668 |      0 |      0 |    321 |   3 |  222.7 |
         Sewer |    364 |    364 |      0 |     11 |     20 |   1 |  364.0 |
               +--------+--------+--------+--------+--------+-----+--------+

Top non-repeatable levels by time:
     D:7: 699 daAuts
    D:10: 679 daAuts
     D:8: 592 daAuts
     D:9: 584 daAuts
     D:5: 513 daAuts
     D:2: 478 daAuts
     D:1: 439 daAuts
     D:4: 426 daAuts
  Lair:1: 397 daAuts
     D:6: 389 daAuts
   Sewer: 364 daAuts
     D:3: 307 daAuts
  Lair:2: 179 daAuts
  Lair:3: 91 daAuts
  Temple: 28 daAuts
